 Dungeon Crawl Stone Soup version 0.17.0-9-g801d43b (webtiles) character file.

27 Sadof the Ducker (level 2, -3/29 HPs)
             Began as a Troll Fighter on Nov 9, 2015.
             Killed from afar by Sigmund (10 damage)
             ... with a magic dart
             ... on level 2 of the Dungeon.
             The game lasted 00:10:52 (1687 turns).

Sadof the Ducker (Troll Fighter)                    Turns: 1687, Time: 00:10:57

Health: -3/29      AC:  5    Str: 23    XL:     2   Next: 93%
Magic:  1/1        EV:  8    Int:  4    God:
Gold:   101        SH:  8    Dex:  9    Spells: 0 memorised, 1 level left

rFire  . . .     SeeInvis .     a - +0 long sword
rCold  . . .     Clarity  .     b - +0 robe
rNeg   . . .     SustAt   .     c - +0 shield
rPois  .         Gourm    +     (helmet restricted)
rElec  .         Spirit   .     (no cloak)
rCorr  .         Warding  .     (gloves unavailable)
rMut   .         Stasis   .     (boots unavailable)
MR     +....                    f - amulet of inaccuracy (curse)
Stlth  +.........               (no ring)
                                n - ring of protection from magic

@: somewhat resistant to hostile enchantments, very unstealthy
A: unfitting armour, claws 3, fast metabolism 3, gourmand, regeneration 2,
shaggy fur 1, tough skin 2
a: no special abilities


You were on level 2 of the Dungeon.
You were very full.

You visited 1 branch of the dungeon, and saw 2 of its levels.

You collected 101 gold pieces.

Inventory:

Hand Weapons
 a - a +0 long sword (weapon)
 h - a +0 club
 i - a +0 dagger
 j - a +0 club
 m - a +0 short sword
Armour
 b - a +0 robe (worn)
 c - a +0 shield (worn)
 r - a +0 leather armour
Jewellery
 f - a cursed amulet of inaccuracy (around neck)
 n - a ring of protection from magic (left claw)
Scrolls
 g - a scroll of remove curse {unknown}
 k - a scroll of fog {unknown}
 s - a scroll of identify {unknown}
Potions
 d - a potion of might
 l - a potion of resistance {unknown}
 o - a potion of ambrosia {unknown}
 p - 2 potions of degeneration {unknown}
Comestibles
 e - 3 bread rations
 q - a beef jerky


   Skills:
 + Level 2.7 Fighting
 - Level 1.5 Long Blades
 - Level 2.9 Dodging
 - Level 2.7 Shields


You had one spell level left.
You didn't know any spells.

Dungeon Overview and Level Annotations

Branches:
Dungeon (2/15)

Altars:
Fedhas
Nemelex Xobeh
Qazlal
Vehumet

Annotations:
D:2 Sigmund


Innate Abilities, Weirdness & Mutations

You are too large for most types of armour.
You have claws for hands.
Your metabolism is lightning-fast.
You like to eat raw meat.
You heal very quickly.
You are covered in fur (AC +1).
You have very tough skin (AC +2).


Message History

You closely miss something. You block the giant cockroach's attack.
You block the kobold's attack. Something hits you!
You block the giant cockroach's attack. The kobold hits you but does no damage.
You completely miss something.
The giant cockroach bites you but does no damage.
Something hits you but does no damage. The kobold hits you but does no damage.
You block the giant cockroach's attack.
You miss something.
The giant cockroach bites you but does no damage.
The kobold hits you with a short sword.
* * * LOW HITPOINT WARNING * * *
Something hits you.
* * * LOW HITPOINT WARNING * * *
You completely miss something.
The giant cockroach bites you but does no damage.
The kobold closely misses you. You block the giant cockroach's attack.
You hear some strange, mumbled words.
A magic dart appears from out of thin air!
The magic dart hits you!
You die...

#........#..#
#...........#
#.......#...#
#........#...#
......#####...# #
......#######..###.##
####............(....
...#.#..{..>......
..$_...@s.###....
###.#).K..# ....
#......$# .##
#$......# # #....$..#
#.......# #.###+#.#
#. #.#


You could see a giant cockroach and a kobold.

Vanquished Creatures
  A worm (D:2)
  A giant gecko (D:1)
  A ball python (D:1)
  2 giant cockroaches (D:1)
  4 goblins
  4 hobgoblins (D:1)
  5 kobolds (D:1)
  A quokka (D:2)
  2 bats
  A rat (D:1)
22 creatures vanquished.

Notes
Turn   | Place    | Note
--------------------------------------------------------------
     0 | D:1      | Sadof the Troll Fighter began the quest for the Orb.
     0 | D:1      | Reached XP level 1. HP: 22/22 MP: 0/0
   239 | D:1      | Found a sparkling altar of Nemelex Xobeh.
   571 | D:1      | Reached XP level 2. HP: 29/29 MP: 1/1
  1409 | D:2      | Found a stormy altar of Qazlal.
  1413 | D:2      | Found a blossoming altar of Fedhas.
  1670 | D:2      | Noticed Sigmund
  1671 | D:2      | Found a radiant altar of Vehumet.
  1687 | D:2      | Killed from afar by Sigmund

Action                   || total
-------------------------++-------
Melee: Long sword        ||   192
  Eat: Chunk             ||    17
       Bread ration      ||     1
